 Dungeon Crawl Stone Soup version 0.25-a0-435-g4b9beb1024 (webtiles) character file.

Game seed: 6823925879174780269, levelgen mode: classic

1709 EnegeticOcto the Chopper (level 8, -15/73 HPs)
             Began as a Deep Dwarf Fighter on Jan 26, 2020.
             Demolished by a gnoll
             ... wielding a +1 halberd of electrocution
              (16 damage)
             ... in a bailey.
             The game lasted 00:04:41 (4539 turns).

EnegeticOcto the Chopper (Deep Dwarf Fighter)       Turns: 4539, Time: 00:04:41

Health: -15/73     AC: 14    Str: 23    XL:     8   Next: 74%
Magic:  9/9 (0)    EV:  6    Int:  8    God:
Gold:   479        SH: 10    Dex: 12    Spells: 7/7 levels left

rFire    . . .     SeeInvis .   a - +0 war axe
rCold    . . .     Gourm    .   c - +0 shield
rNeg     . . .     Faith    .   w - +0 plate armour
rPois    .         Spirit   .   (no helmet)
rElec    .         Reflect  .   (no cloak)
rCorr    .         Harm     .   h - +1 pair of gloves
MR       +....                  (no boots)
Stlth    ..........             (no amulet)
HPRegen  0.00/turn              (no ring)
MPRegen  0.11/turn              t - ring of magical power

@: non-regenerating, drained
A: damage resistance, heal wounds, sense surroundings 1, no regeneration
a: Heal Wounds


You were in a bailey.
You were not hungry.

You visited 1 branch of the dungeon, and saw 7 of its levels.
You also visited: Bailey.

You collected 479 gold pieces.

Inventory:

Hand Weapons
 a - a +0 war axe (weapon)
 v - the +3 trident of Sharkskin {flame, *Drain rF+ rN++ SInv}
   (You found it on level 6 of the Dungeon)

   It has been specially enchanted to burn those struck by it, causing extra
   injury to most foes and up to half again as much damage against particularly
   susceptible opponents.
   It protects you from fire.
   It greatly protects you from negative energy.
   It lets you see invisible.
   It causes draining when unequipped.
Armour
 b - a +0 scale mail
 c - a +0 shield (worn)
 h - a +1 pair of gloves (worn)
 w - a +0 plate armour (worn)
Jewellery
 n - the amulet "Keabiycw" {Faith rF- Int+7 Slay+3 Stlth+, unknown}
   (You found it on level 5 of the Dungeon)

   [amulet of faith]

   It allows you to gain divine favour quickly.
   It affects your intelligence (+7).
   It affects your accuracy and damage with ranged weapons and melee attacks
   (+3).
   It makes you vulnerable to fire.
   It makes you more stealthy.
 t - a ring of magical power (right hand)
Scrolls
 f - 3 scrolls of remove curse {@r2}
 i - a scroll of identify {@r1}
 j - a scroll of noise
 l - 2 scrolls of teleportation {@r3 !r}
 o - a scroll of magic mapping {@r5 !r}
 q - a scroll of enchant armour
 r - a scroll of fog {unknown}
Potions
 d - 2 potions of might {@q3 !q}
 g - 3 potions of brilliance
 k - 4 potions of curing {@q1 !q}
 m - a potion of invisibility
 p - 3 potions of agility {@q5 !q}
 s - a potion of haste {unknown}
 u - a potion of resistance {unknown}
 x - a potion of magic {unknown}
 z - a potion of experience {unknown}
Comestibles
 e - 17 rations
 A - 13 chunks of flesh


   Skills:
 + Level 4.9(4.3) Fighting
 * Level 7.4(6.7) Axes
 + Level 6.0(5.3) Armour
 + Level 4.6(4.0) Dodging
 + Level 6.0(5.3) Shields


You had 7 spell levels left.
You didn't know any spells.
Your spell library contained the following spells:

 Spells                   Type           Power        Failure   Level  Hunger
 Animate Skeleton         Necr           N/A          100%        1    ##.....
 Apportation              Tloc           #.....       100%        1    ##.....
 Corona                   Hex            #......      100%        1    ##.....
 Summon Small Mammal      Summ           #...         100%        1    ##.....


Dungeon Overview and Level Annotations

Branches:
Dungeon (7/15)             Bailey (1/1)
 Temple: D:4-7

Altars:
Cheibriados
Dithmenos
Hepliaklqana
Qazlal
Wu Jian
The Shining One


Innate Abilities, Weirdness & Mutations

You are resistant to damage.
You can heal yourself by infusing magical energy.
You passively map a small area around you.
You do not regenerate.


Message History

You closely miss the hobgoblin. The hobgoblin hits you.
You hit the hobgoblin.
The hobgoblin is severely wounded.
You block the hobgoblin's attack.
You slash the hobgoblin!
You kill the hobgoblin!
The hobgoblin throws a boomerang.
You block the boomerang.
The weapon returns to the hobgoblin!
The kobold throws a boomerang.
The boomerang hits you but does no damage.
The weapon returns to the kobold!
The hobgoblin throws a boomerang.
The boomerang hits you.
The weapon returns to the hobgoblin!
The hobgoblin throws a boomerang.
The boomerang hits you but does no damage.
The weapon returns to the hobgoblin!
You block the kobold's attack. The hobgoblin barely misses you.
You block the hobgoblin's attack.
Things that are here:
3 boomerangs; a hobgoblin corpse You closely miss the hobgoblin.
You hit the hobgoblin. You hit the kobold.
You kill the kobold!
You block the hobgoblin's attack. The hobgoblin hits you.
You block the hobgoblin's attack.
You closely miss the hobgoblin. You barely miss the hobgoblin.
You block the hobgoblin's attack. x2
You hit the hobgoblin.
The hobgoblin is moderately wounded.
You hit the hobgoblin.
You kill the hobgoblin!
You block the hobgoblin's attack.
The kobold throws a boomerang.
You block the boomerang.
The weapon returns to the kobold!
You slash the hobgoblin!
You kill the hobgoblin!
The kobold throws a boomerang.
The boomerang completely misses you.
The weapon returns to the kobold!
The kobold hits you.
You see here 4 boomerangs.
The kobold throws a boomerang.
The boomerang hits you.
The weapon returns to the kobold!
There is a fountain of blood, spattered with blood here.
The kobold throws a boomerang.
The boomerang hits you but does no damage.
The weapon returns to the kobold!
The kobold throws a boomerang.
The boomerang hits you.
The weapon returns to the kobold!
The kobold throws a boomerang.
The boomerang hits you.
* * * LOW HITPOINT WARNING * * *
The weapon returns to the kobold!
There is an open door here.
The kobold throws a boomerang.
The boomerang hits you but does no damage.
The weapon returns to the kobold!
A gnoll comes into view. It is wielding a +0 halberd.
There is an open door here.
The gnoll shouts!
The hobgoblin throws a boomerang.
You block the boomerang.
The weapon returns to the hobgoblin!
A kobold comes into view.
The kobold shouts! x2
The kobold throws a boomerang.
You block the boomerang.
The weapon returns to the kobold!
The kobold throws a boomerang.
The boomerang hits you but does no damage.
The weapon returns to the kobold!
The hobgoblin throws a boomerang.
You block the boomerang.
The weapon returns to the hobgoblin!
There is an open door here.
The kobold throws a boomerang.
The boomerang closely misses you.
The weapon returns to the kobold!
The kobold throws a boomerang.
You block the boomerang.
The weapon returns to the kobold!
The gnoll hits you but does no damage. The kobold barely misses you.
The kobold throws a boomerang.
The boomerang hits you but does no damage.
The weapon returns to the kobold!
The gnoll hits you but does no damage. x2
The kobold hits you but does no damage.
Found a gate leading back out of this place.
You closely miss the gnoll. x2; You closely miss the kobold.
You slash the kobold!
You kill the kobold!
The gnoll hits you with a +0 halberd. You block the kobold's attack.
The gnoll barely misses you.
The kobold throws a boomerang.
You block the boomerang.
The weapon returns to the kobold!
The gnoll hits you but does no damage. You block the gnoll's attack.
You slash the gnoll!
The gnoll is severely wounded.
You hit the kobold.
You kill the kobold!
Your plate armour prevents you from hitting the gnoll.
The gnoll barely misses you. x2
The gnoll hits you with a +1 halberd of electrocution!
* * * LOW HITPOINT WARNING * * *
The gnoll drinks a potion.
The gnoll seems to grow stronger.
The gnoll hits you but does no damage.
You are electrocuted!!
* * * LOW HITPOINT WARNING * * *
Your shield and plate armour prevent you from hitting the gnoll.
The gnoll is severely wounded.
You slash the hobgoblin!
You kill the hobgoblin!
You closely miss the gnoll.
The kobold throws a boomerang.
The boomerang hits you but does no damage.
The weapon returns to the kobold!
You block the gnoll's attack. x3
The gnoll hits you but does no damage.
You are electrocuted!!
You die...

##'##'##'###'##'##'##
#.###.###.#)###.###.#
#'# ### ##### ### ###
#)###.# #.#.#**.#*#.#
##)##'##'# #'##'##'#
##((K..#* #go...#
###((...#####ggg..###
#.'..⌠..'.#.g((g..'.#
###.....### #(@g..#
#.....## ##..K..#
*#'##'##'###'##'##'#
#.# #.###.K.## .# *∩#
##* ### ##### ##


You could see an orc warrior, 6 gnolls, a hobgoblin and 2 kobolds.

Vanquished Creatures
  2 sky beasts
  2 orc warriors
  An ice beast (D:6)
  A necrophage (D:6)
  An ogre (D:5)
  2 bullfrogs
  A scorpion (D:6)
  A howler monkey (D:5)
  2 crimson imps
  A hound (D:4)
  A bullfrog zombie (D:6)
  2 jellies (D:5)
  5 orc priests
  2 orc wizards (D:5)
  3 worker ants
  A hound skeleton (D:5)
  A worker ant zombie (D:5)
  A howler monkey skeleton (D:6)
  23 gnolls
  2 adders
  An adder skeleton (D:5)
  2 dart slugs
  4 leopard geckos
  19 orcs
  6 bats
  3 giant cockroaches
  24 hobgoblins
  6 jackals
  3 quokkas
  3 ball pythons
  7 frilled lizards
  14 goblins
  18 kobolds
  A leopard gecko zombie (D:6)
  5 rats
171 creatures vanquished.

Vanquished Creatures (others)
  An orc wizard (D:6)
  2 orc priests (D:6)
  An orc (D:6)
  A quokka (D:6)
5 creatures vanquished.

Grand Total: 176 creatures vanquished

Notes
Turn   | Place    | Note
-------+----------+-------------------------------------------
     0 | D:1      | EnegeticOcto the Deep Dwarf Fighter began the quest for the
                  | Orb.
     0 | D:1      | Reached XP level 1. HP: 20/20 MP: 1/1
   134 | D:1      | Reached XP level 2. HP: 22/27 MP: 2/2
   593 | D:2      | Reached XP level 3. HP: 33/33 MP: 3/3
   619 | D:2      | Reached skill level 1 in Dodging
   659 | D:2      | Reached skill level 3 in Axes
  1173 | D:3      | Reached XP level 4. HP: 30/42 MP: 4/4
  1251 | D:3      | Found a shadowy altar of Dithmenos.
  1253 | D:3      | Found a snail-covered altar of Cheibriados.
  1302 | D:3      | Found a hazy altar of Hepliaklqana.
  1302 | D:3      | Found a stormy altar of Qazlal.
  1415 | D:3      | Reached XP level 5. HP: 45/49 MP: 4/4
  1709 | D:4      | Reached skill level 4 in Axes
  1915 | D:4      | Reached XP level 6. HP: 36/56 MP: 5/5
  2595 | D:5      | Entered Level 5 of the Dungeon
  2632 | D:5      | Reached skill level 5 in Axes
  2772 | D:5      | Reached XP level 7. HP: 56/63 MP: 6/6
  2894 | D:5      | Got a translucent garnet amulet
  3314 | D:6      | Reached skill level 5 in Armour
  3391 | D:6      | Reached skill level 5 in Shields
  3543 | D:6      | Reached skill level 6 in Axes
  3647 | D:6      | Reached XP level 8. HP: 57/72 MP: 5/5
  3866 | D:6      | Found a glowing golden altar of the Shining One.
  4163 | D:6      | Found an ornate altar of the Wu Jian Council.
  4260 | D:6      | Got a translucent trident
  4261 | D:6      | Identified the +3 trident of Sharkskin {flame, *Drain rF+
                  | rN++ SInv} (You found it on level 6 of the Dungeon)
  4279 | D:7      | Found a flagged portal.
  4293 | D:7      | Reached skill level 7 in Axes
  4356 | Bailey   | Entered a bailey
  4538 | Bailey   | HP: 1/73 [gnoll/+0 halberd of electrocution (15)]
  4539 | Bailey   | Demolished by a gnoll

Levels and vault maps discovered:
D:1:      lightli_arrival_isolated_outpost, layout_basic
D:2:      layout_basic
D:3:      layout_rooms, nicolae_overflow_hidden_temple, serial_curves,
          eino_curves_01, eino_curves_03
D:4:      layout_loops_corners, first_ration, palyth_stone_intersect
D:5:      layout_cave_pools
D:6:      corexii_shantytown, layout_basic, kennysheep_mini_moat, tso_altar,
          minivault_24, lemuel_flamethrower_2
D:7:      layout_cave_pools, minmay_temple_entry_poolview,
          lightli_bailey_entry_fortress, grunt_livestock, nicolae_water_bricks,
          fedhas_altar_3, uniq_maggie
Bailey:   bailey_axe_2, bailey

Skill      XL: |  1  2  3  4  5  6  7  8 |
---------------+-------------------------+-----
Dodging        | 1 2 3 4 |  4.6
Axes           | 3 4 5 6 7 |  7.4
Fighting       | 3 4 |  4.9
Armour         | 4 5 6 |  6.0
Shields        | 4 5 6 |  6.0

Action                   |  1- 3 |  4- 6 |  7- 9 || total
-------------------------+-------+-------+-------++-------
Melee: War axe           |   142 |   137 |   352 ||   631
 Abil: Heal Wounds       |     1 |     5 |    22 ||    28
  Use: Scroll            |       |    12 |       ||    12
  Eat: Chunk             |     1 |     5 |     7 ||    13
Armor: Scale mail        |    77 |    69 |    12 ||   158
       Plate armour      |       |       |   201 ||   201
Dodge: Dodged            |    47 |    63 |   117 ||   227
Block: Shield            |    81 |    95 |   205 ||   381

Table legend:
 A = Non-vault XP
 B = Vault XP
 C = Vault XP percentage of total XP
 D = Non-vault monster count
 E = Vault monster count
 F = Vault count percentage of total count
                 A         B        C        D         E       F
            +---------+---------+-------+---------+---------+-------
      Total |    2145 |     297 |  12.2 |     115 |      56 |  32.7
            +---------+---------+-------+---------+---------+-------
        D:1 |      35 |       0 |   0.0 |      21 |       0 |   0.0
        D:2 |      49 |       0 |   0.0 |      19 |       0 |   0.0
        D:3 |     175 |       0 |   0.0 |      23 |       0 |   0.0
        D:4 |     277 |       0 |   0.0 |      12 |       0 |   0.0
        D:5 |     470 |       0 |   0.0 |      18 |       0 |   0.0
        D:6 |     886 |     105 |  10.6 |      18 |      26 |  59.1
        D:7 |     253 |      62 |  19.7 |       4 |       6 |  60.0
     Bailey |       0 |     130 | 100.0 |       0 |      24 | 100.0
            +---------+---------+-------+---------+---------+-------
